 Dungeon Crawl Stone Soup version 0.30-a0-424-g7412bad402 (webtiles) character file.

Game seed: 6974301743606989622

19 NinjaNoafa the Sneak (level 2, -6/19 HPs)
             Began as a Gargoyle Delver on Dec 9, 2022.
             Mangled by a worm (8 damage)
             ... on level 2 of the Dungeon.
             The game lasted 00:01:25 (310 turns).

NinjaNoafa the Sneak (Gargoyle Delver)               Turns: 310, Time: 00:01:25

Health: -6/19      AC:  5    Str: 15    XL:     2   Next: 75%
Magic:  2/2        EV: 11    Int: 10    God:
Gold:   24         SH:  0    Dex: 11    Spells: 1/1 levels left

rFire   . . .      SeeInvis .    a - +0 mace
rCold   . . .      Faith    .    (no shield)
rNeg    + . .      Spirit   .    b - +0 leather armour
rPois   ∞          Reflect  .    (no helmet)
rElec   +          Harm     .    (no cloak)
rCorr   .          Rampage  .    (no gloves)
Will    .....                    (no boots)
Stlth   +++.......               (no amulet)
HPRegen 0.23/turn                (no ring)
MPRegen 0.08/turn                (no ring)

@: no status effects
A: sickness immunity, AC +2, negative energy resistance 1, electricity
resistance, torment resistance 1, petrification resistance
a: no special abilities


You were on level 2 of the Dungeon.
You visited 1 branch of the dungeon, and saw 4 of its levels.

You collected 24 gold pieces.

Inventory:

Hand Weapons
 a - a +0 mace (weapon)
Armour
 b - a +0 leather armour (worn)
Wands
 g - a wand of digging (3)
Scrolls
 c - a scroll of fog
 d - a scroll of magic mapping
 e - a scroll of fear
 h - a scroll of teleportation {unknown}
 i - a scroll of immolation
Potions
 f - a potion of curing {unknown}


   Skills:
 + Level 3.5 Fighting
 + Level 2.2 Maces & Flails
 + Level 0.9 Armour
 + Level 1.8 Dodging
 + Level 5.6 Stealth


You had one spell level left.
You didn't know any spells.
Your spell library was empty.

Dungeon Overview and Level Annotations

Branches:
Dungeon (5/15)
 Temple: D:4-7

Altars:
Fedhas
Sif Muna

Shops:
D:5 *


Innate Abilities, Weirdness & Mutations

You are immune to sickness and miasma.
Your stone body is resilient. (AC +2)
You are immune to poison.
You resist negative energy. (rN+)
You are resistant to electric shocks. (rElec)
You are resistant to unholy torment.
You are immune to petrification.


Message History

The quokka bites you but does no damage.
You barely miss the quokka. The quokka bites you.
You closely miss the quokka.
The quokka bites you but does no damage. x2
You closely miss the quokka. The quokka bites you.
You barely miss the quokka. The quokka closely misses you.
The quokka bites you but does no damage.
You closely miss the quokka.
The quokka bites you but does no damage.
The quokka bites you.
You barely miss the quokka. The quokka closely misses you.
You sock the quokka!
You kill the quokka!
The ball python bites you. The ball python barely misses you.
You barely miss the ball python. The ball python closely misses you.
The ball python misses you.
The hobgoblin shouts!
You sock the ball python!
You kill the ball python!
Things that are here:
a ball python corpse; a quokka corpse The hobgoblin misses you.
You barely miss the hobgoblin. The hobgoblin closely misses you.
The hobgoblin barely misses you.
A worm comes into view.
You hit the hobgoblin but do no damage. The hobgoblin hits you.
You thump the hobgoblin!
You kill the hobgoblin!
Found a stone staircase leading down.
A worm is nearby!
You hit the worm.
The worm is moderately wounded.
The worm bites you!
* * * LOW HITPOINT WARNING * * *
You completely miss the worm.
The worm is moderately wounded.
You hit the worm but do no damage.
The worm is moderately wounded.
The worm bites you!
You die...

#...# #...# #...# #..(#
#...# . #...# ...
########...########.$...
...........†....@w....>.
.........###........$...
.........# #..).....##.#
.........# #........#
.........# #........#
.........# #........#
.........# .........#
.........+..........#
....^....#.......####


You could see a worm.

Vanquished Creatures
  An adder (D:3)
  An orc (D:3)
  A goblin (D:2)
  A hobgoblin (D:2)
  A quokka (D:2)
  A ball python (D:2)
  2 bats (D:3)
  A frilled lizard (D:2)
  A kobold (D:2)
10 creatures vanquished.

Notes
Turn   | Place    | Note
-------+----------+-------------------------------------------
     0 | D:5      | NinjaNoafa the Gargoyle Delver began the quest for the Orb.
     0 | D:5      | Reached XP level 1. HP: 14/14 MP: 1/1
    12 | D:5      | Noticed a hound
    15 | D:5      | Found Ysaqelil's Gadget Gallery.
    17 | D:5      | Found a blossoming altar of Fedhas.
    30 | D:4      | Noticed a scorpion
    74 | D:4      | Noticed a phantom
    81 | D:4      | Found a shimmering blue altar of Sif Muna.
    83 | D:4      | Noticed a jelly
   106 | D:3      | Reached XP level 2. HP: 8/19 MP: 2/2
   310 | D:2      | Mangled by a worm

Illustrated notes

Levels and vault maps discovered:
D:2:      layout_basic, serial_shops, shop
D:3:      layout_basic, kennysheep_generic_room_12
D:4:      layout_rooms, mainiacjoe_overflow_small_starburst, nzn_random_ring
D:5:      layout_cave_pools, mainiacjoe_overflow_24_doors, fedhas_altar_2,
          ebering_ghost_disaster_area, cheibrodos_sewer_entry_sluice,
          nicolae_shop_gadgets

Action                   || total
-------------------------++-------
Melee: Mace              ||    45
  Use: Scroll            ||     1
       Potion            ||     1
 Stab: Sleeping          ||     2
Armor: Leather armour    ||    18
Dodge: Dodged            ||    44

Table legend: (Time is in decaauts)
 A = Elapsed time spent in this place.
 B = Non-inter-level travel time spent in this place.
 C = Inter-level travel time spent in this place.
 D = Time resting spent in this place.
 E = Time spent auto-exploring this place.
 F = Levels seen in this place.
 G = Mean time per level.
                   A        B        C        D        E       F      G
               +--------+--------+--------+--------+--------+-----+--------+
         Total |    303 |    280 |     23 |      0 |    128 |   4 |   75.8 |
       Dungeon |    303 |    280 |     23 |      0 |    128 |   4 |   75.8 |
               +--------+--------+--------+--------+--------+-----+--------+

Top non-repeatable levels by time:
     D:3: 146 daAuts
     D:2: 74 daAuts
     D:4: 55 daAuts
     D:5: 28 daAuts
